 Dungeon Crawl Stone Soup version 0.30-a0-393-g54b8e3be05 (webtiles) character file.

Game seed: 6828041326087472534

2 NinjaNoafa the Caller (level 1, 0/7 HPs)
             Began as a Felid Summoner on Dec 5, 2022.
             Slain by a goblin
             ... wielding a +0 club
              (1 damage)
             ... on level 1 of the Dungeon.
             The game lasted 00:00:28 (170 turns).

NinjaNoafa the Caller (Felid Summoner)               Turns: 170, Time: 00:00:29

Health: 0/7        AC:  1    Str:  4    XL:     1   Next: 33%
Magic:  3/4        EV: 17    Int: 16    God:
Gold:   0          SH:  0    Dex: 16    Spells: 3/4 levels left
                                        Lives:  0   Deaths: 0

rFire   . . .      SeeInvis +    (weapon unavailable)
rCold   . . .      Faith    .    (shield unavailable)
rNeg    . . .      Spirit   .    (body armour unavailable)
rPois   .          Reflect  .    (helmet unavailable)
rElec   .          Harm     .    (cloak unavailable)
rCorr   .          Rampage  .    (gloves unavailable)
Will    .....                    (boots unavailable)
Stlth   ++........               (no amulet)
HPRegen 0.21/turn                (no ring)
MPRegen 0.09/turn                (no ring)

@: quick
A: very small, claws 1, fangs 3, see invisible, speed 1, shaggy fur 1, stealthy
paws, no weapons or thrown items, no armour, multi-lived
a: no special abilities


You were on level 1 of the Dungeon.
You visited 1 branch of the dungeon, and saw 1 of its levels.

Inventory:

Scrolls
 b - a scroll of poison {unknown}
 c - a scroll of vulnerability {unknown}
Potions
 a - a potion of magic


   Skills:
 - Level 2.6 Dodging
 - Level 2.6 Stealth
 + Level 2.1 Spellcasting
 + Level 4.0 Summonings


You had 3 spell levels left.
You knew the following spells:

 Your Spells              Type           Power      Damage    Failure   Level
a - Summon Small Mammal   Summ           56%        N/A       3%          1

Your spell library contained the following spells:

 Spells                   Type           Power      Damage    Failure   Level
 Call Imp                 Summ           14%        N/A       6%          2
 Call Canine Familiar     Summ           14%        N/A       12%         3
 Summon Guardian Golem    Hex/Summ       8%         N/A       26%         3
 Summon Lightning Spire   Summ/Air       8%         N/A       65%         4


Dungeon Overview and Level Annotations

Branches:
Dungeon (1/15)

Altars:

Shops:
D:1 (


Innate Abilities, Weirdness & Mutations

You have sharp claws.
You have razor-sharp teeth.
You have supernaturally acute eyesight. (SInv)
You cover ground quickly. (Speed+)
You are covered in fur. (AC +1)
Your paws help you pounce on unaware monsters.
You are incapable of wielding weapons or throwing items.
You cannot wear armour.
You gain extra lives every three experience levels.


Message History

The rat bites your rat.
Your quokka barely misses the quokka.
An endoplasm comes into view.
The endoplasm quivers.
The endoplasm closely misses you. The endoplasm freezes you.
You are frozen.
Ouch! That really hurt!
Your rat bites the rat.
Something barely misses your rat.
Found 6 gold pieces.
Your quokka bites the endoplasm.
A kobold comes into view. It is wielding a +0 dagger.
The kobold shouts!
Your quokka disappears in a puff of smoke!
Found a helmet.
A goblin comes into view. It is wielding a +0 club.
The kobold throws a stone.
The stone misses you.
Casting: Summon Small Mammal (safe; 4% risk of failure)
Confirm with . or Enter, or press ? or * to list all spells.
The goblin shouts!
The quokka misses your quokka. The endoplasm closely misses your rat.
The quokka bites your quokka.
Found a scroll labelled UGIRUEMUPT.
The quokka completely misses your quokka.
Your rat is frozen.
Your rat dies!
Your rat's corpse disappears in a puff of smoke!
Your quokka bites the quokka.
The quokka dies!
The kobold closely misses you.
You miss the goblin. The goblin hits you with a +0 club.
Ouch! That really hurt!
* * * LOW HITPOINT WARNING * * *
The kobold completely misses you.
You completely miss the goblin. The goblin hits you but does no damage.
The kobold closely misses you.
Your quokka bites the kobold but does no damage.
The goblin hits you with a +0 club.
You die...

###### #..... ########
####..... #......#
#.$.... #....@.#
#.##.####
#?[..g.#######....##..
#......Kr.....r.§J.....
###......#########..##.#
. #....... #.....#
....#...#. #.#####
#....#.#... #.#
#....#.#.. # ..# ..
#.#.. ####


You could see a goblin (ally target), a kobold and a friendly quokka (summoned).

Vanquished Creatures (collateral kills)
  A giant cockroach (D:1)
  A quokka (D:1)
2 creatures vanquished.

Notes
Turn   | Place    | Note
-------+----------+-------------------------------------------
     0 | D:1      | NinjaNoafa the Felid Summoner began the quest for the Orb.
     0 | D:1      | Reached XP level 1. HP: 7/7 MP: 4/4
    56 | D:1      | Found Xair's Antique Weapon Boutique.
   170 | D:1      | Slain by a goblin

Illustrated notes

Levels and vault maps discovered:
D:1:      dpeg_arrival_signposts, layout_basic, serial_shops,
          nicolae_shop_crystal, shop_fountains, nicolae_shop_stone,
          nicolae_shop_window_shopping, minivault_25, reono_crystal_passage

Action                   || total
-------------------------++-------
Melee: Unarmed           ||     2
 Cast: Summon Small Mamm ||     7
Armor: Skin              ||     1
Dodge: Dodged            ||     7

Table legend: (Time is in decaauts)
 A = Elapsed time spent in this place.
 B = Non-inter-level travel time spent in this place.
 C = Inter-level travel time spent in this place.
 D = Time resting spent in this place.
 E = Time spent auto-exploring this place.
 F = Levels seen in this place.
 G = Mean time per level.
                   A        B        C        D        E       F      G
               +--------+--------+--------+--------+--------+-----+--------+
         Total |    146 |    146 |      0 |      0 |     93 |   1 |  146.0 |
       Dungeon |    146 |    146 |      0 |      0 |     93 |   1 |  146.0 |
               +--------+--------+--------+--------+--------+-----+--------+

Top non-repeatable levels by time:
     D:1: 146 daAuts
